AoeStats
← DragonKiller6

Arabian Desert

508804140Analyzed
1v1 RM · 7d ago on Sep 24, 2026· 45m 31s· 2 players
Game mode
Random Map
Map size
Tiny (2 player)
Population
200
Speed
Normal
Resources
Standard
Victory
Conquest
Starting age
Dark Age
Ending age
Imperial Age
RankedLock teamsTeams togetherTeam positionsShared explorationLock speedFull tech treeHidden civsTurbo modeCheats
Victory
Defeat
🇲🇽 Malay · Mexico
1325
+14
🇭🇺 Magyars · Hungary
1279
-14
DragonKiller6
6:31 Loom
9:14 Feudal Age
12:34 Double-Bit Axe
21:44 Castle Age
22:17 Scale Barding Armor
22:22 Fletching
23:42 Gold Mining
25:22 Bodkin Arrow
27:07 Bloodlines
27:11 Padded Archer Armor
28:31 Scale Barding Armor
30:40 Chain Barding Armor
30:35 Husbandry
34:51 Chain Barding Armor
Unduende
7:09 Loom
9:56 Feudal Age
9:28 Man-at-Arms
14:03 Arson
18:44 Loom
20:03 Wheelbarrow
24:17 Castle Age
22:10 Fletching
22:31 Forging
23:22 Long Swordsman
24:01 Bodkin Arrow
23:43 Elite Skirmisher
24:31 Double-Bit Axe
25:18 Forging
25:10 Padded Archer Armor
28:27 Ballistics
28:48 Leather Archer Armor
28:37 Squires
29:49 Town Watch
32:49 Pikeman
36:36 Imperial Age
37:33 Iron Casting
36:59 Bracer
36:42 Halberdier
37:36 Town Patrol
44:44 Conscription
45:44 Murder Holes
Connection lost

Rejoining the realm…

Still unreachable

The connection could not be restored.

Session expired

The server has moved on; the page needs a fresh start.